 Dungeon Crawl Stone Soup version 0.27.1 (webtiles) character file.

Game seed: 10309435190531662461

27 LifeIsToil the Ducker (level 2, 0/23 HPs)
             Began as a Demonspawn Gladiator on Sept 2, 2021.
             Frozen to death by an endoplasm (3 damage)
             ... on level 1 of the Dungeon.
             The game lasted 00:01:40 (991 turns).

LifeIsToil the Ducker (Demonspawn Gladiator)         Turns: 991, Time: 00:01:41

Health: 0/23       AC:  4    Str: 14    XL:     2   Next: 93%
Magic:  2/2        EV: 12    Int:  9    God:
Gold:   33         SH:  0    Dex: 14    Spells: 1/1 levels left

rFire    . . .     SeeInvis .   a - +0 long sword
rCold    . . .     Faith    .   (no shield)
rNeg     . . .     Spirit   .   b - +0 leather armour
rPois    .         Reflect  .   c - +0 helmet
rElec    .         Harm     .   (no cloak)
rCorr    +         Rampage  .   (no gloves)
Will     .....                  (no boots)
Stlth    +.........             (no amulet)
HPRegen  0.07/turn              e - ring of resist corrosion
MPRegen  0.08/turn              (no ring)

@: no status effects
A: demonic magic 1
a: no special abilities


You were on level 1 of the Dungeon.
You visited 1 branch of the dungeon, and saw 1 of its levels.

You collected 33 gold pieces.

Inventory:

Hand Weapons
 a - a +0 long sword (weapon)
Missiles
 d - 3 throwing nets (quivered)
Armour
 b - a +0 leather armour (worn)
 c - a +0 helmet (worn)
 g - a +0 scale mail
Jewellery
 e - a ring of resist corrosion (left hand)
 h - a +6 ring of intelligence
Scrolls
 f - a scroll of identify {unknown}
 j - a scroll of holy word {unknown}
Potions
 i - a potion of cancellation {unknown}


   Skills:
 + Level 2.8 Fighting
 - Level 2.6 Long Blades
 - Level 1.7 Throwing
 + Level 3.3 Dodging


You had one spell level left.
You didn't know any spells.
Your spell library contained the following spells:

 Spells                   Type           Power      Damage    Failure   Level
 Animate Skeleton         Necr           0%         N/A       45%         1
 Pain                     Necr           0%         1d4       45%         1
 Vampiric Draining        Necr           0%         2d6       83%         3


Dungeon Overview and Level Annotations

Branches:
Dungeon (1/15)

Altars:


Innate Abilities, Weirdness & Mutations

Spells you cast may paralyse adjacent enemies.


Message History

The jackal bites you but does no damage.
The jackal closely misses you.
The jackal barely misses you. x2; The jackal completely misses you.
The jackal bites you.
The jackal bites you but does no damage.
The jackal bites you. The jackal misses you.
You riposte.
You hit the jackal.
You kill the jackal!
The jackal bites you but does no damage.
The jackal bites you. x2
* * * LOW HITPOINT WARNING * * *
The jackal misses you.
You riposte.
You slash the jackal!
You kill the jackal!
An endoplasm comes into view.
An endoplasm is nearby!
The endoplasm quivers.
The endoplasm hits you. The endoplasm barely misses you.
The endoplasm freezes you.
You are frozen.
The endoplasm completely misses you.
You riposte.
You barely miss the endoplasm. The endoplasm closely misses you.
The endoplasm closely misses you. The endoplasm freezes you.
You are frozen.
The endoplasm freezes you.
You are frozen.
* * * LOW HITPOINT WARNING * * *
The endoplasm freezes you.
You are frozen.
* * * LOW HITPOINT WARNING * * *
The endoplasm barely misses you. The endoplasm barely misses you.
The endoplasm closely misses you. The endoplasm barely misses you.
The endoplasm closely misses you. The endoplasm freezes you.
You are frozen.
You die...

#.............#### ...
#.................
...###..........#......
#..#........###.#......
#..#........###.#...... #
#..#..####...##.#......
...#...............#......
...........).....(........
#########..J@.÷.#..#.##......
##.......#....#.....#.#....###
#.#8####.#.##.##....#.#....#
#.##....##.##.†'....'.#....#
#.##.<.###.#####....###....###
#.##...###.###........#....##.
##.##.##..(..†........'....+..
##''###.#####........#....##.
#......# #........#....##.


You could see an endoplasm.

Vanquished Creatures
  A dart slug (D:1)
  2 ball pythons (D:1)
  3 endoplasms (D:1)
  A giant cockroach (D:1)
  4 jackals (D:1)
  2 bats (D:1)
  6 frilled lizards (D:1)
  4 kobolds (D:1)
  3 rats (D:1)
26 creatures vanquished.

Notes
Turn   | Place    | Note
-------+----------+-------------------------------------------
     0 | D:1      | LifeIsToil the Demonspawn Gladiator began the quest for the
                  | Orb.
     0 | D:1      | Reached XP level 1. HP: 16/16 MP: 1/1
   193 | D:1      | Reached skill level 3 in Dodging
   194 | D:1      | Gained mutation: Spells you cast may paralyse adjacent
                  | enemies. [demonic ancestry]
   194 | D:1      | Reached XP level 2. HP: 21/23 MP: 2/2
   991 | D:1      | Frozen to death by an endoplasm

Illustrated notes

Levels and vault maps discovered:
D:1:      saegor_arrival_simple_e, layout_basic

Skill      XL: |  1 |
---------------+----+-----
Dodging        | 3 |  3.3
Fighting       | |  2.8
Long Blades    | |  2.6
Throwing       | |  1.7

Action                   || total
-------------------------++-------
Melee: Long sword        ||    46
Armor: Leather armour    ||    44
Dodge: Dodged            ||   110
       Rpst.: Long sword ||    32
